AoeStats
← 玩印度的哥们硬不起来

Arena

509583556Analyzed
2v2 RM · 5d ago on Sep 27, 2026· 51m 55s· 4 players
Game mode
Random Map
Map size
Medium (4 player)
Population
200
Speed
Normal
Resources
Standard
Victory
Conquest
Starting age
Dark Age
Ending age
Imperial Age
RankedLock teamsTeams togetherTeam positionsShared explorationLock speedFull tech treeHidden civsTurbo modeCheats
Victory
Defeat
1426
+15
🇨🇳 Lithuanians · China
1401
+16
🇩🇪 Poles · Germany
1412
-16
🇳🇱 Byzantines · Netherlands
1397
-15
Fsee
11:16 Feudal Age
12:26 Double-Bit Axe
12:24 Horse Collar
14:59 Castle Age
15:01 Light Cavalry
19:21 Bow Saw
22:06 Wheelbarrow
21:49 Gold Mining
22:28 Stone Mining
26:58 Stone Shaft Mining
27:40 Bloodlines
27:30 Husbandry
27:42 Scale Barding Armor
30:10 Imperial Age
27:29 Loom
27:31 Town Watch
28:43 Chain Barding Armor
29:35 Forging
29:25 Pikeman
30:36 Hill Forts
31:20 Iron Casting
30:29 Halberdier
31:15 Squires
31:42 Murder Holes
32:48 Chemistry
32:51 Plate Barding Armor
33:34 Conscription
33:15 Tower Shields
33:30 Elite Leitis
34:57 Scale Mail Armor
35:59 Chain Mail Armor
38:13 Ballistics
37:52 Winged Hussar
39:51 Heavy Plow
41:08 Two-Man Saw
43:17 Masonry
47:39 Architecture
49:41 Hand Cart
49:26 Town Patrol
玩印度的哥们硬不起来
3:27 Loom
11:25 Feudal Age
15:47 Castle Age
14:23 Double-Bit Axe
16:45 Wheelbarrow
16:52 Bow Saw
17:58 Horse Collar
20:14 Heavy Plow
25:40 Gold Mining
26:52 Scale Barding Armor
27:30 Forging
28:40 Chain Barding Armor
29:06 Gold Shaft Mining
28:42 Husbandry
33:19 Imperial Age
31:12 Hand Cart
31:34 Iron Casting
32:02 Stone Mining
33:53 Fletching
34:42 Plate Barding Armor
33:28 Elite Cataphract
34:27 Fletching
34:38 Padded Archer Armor
34:25 Elite Skirmisher
36:23 Two-Man Saw
35:54 Bodkin Arrow
37:10 Bracer
37:26 Leather Archer Armor
37:25 Heavy Camel Rider
39:25 Chemistry
38:55 Ballistics
39:18 Stone Shaft Mining
39:19 Ring Archer Armor
43:40 Treadmill Crane
44:09 Capped Ram
45:08 Pikeman
45:50 Squires
45:45 Siege Ram
46:41 Scale Mail Armor
47:46 Halberdier
48:04 Light Cavalry
49:28 Chain Mail Armor
51:00 Plate Mail Armor
Boeny
9:52 Feudal Age
8:44 Loom
14:19 Castle Age
12:35 Double-Bit Axe
14:16 Horse Collar
17:42 Wheelbarrow
18:49 Bow Saw
19:54 Horse Collar
21:13 Heavy Plow
22:32 Gold Mining
24:36 Hand Cart
26:36 Husbandry
26:43 Scale Barding Armor
26:53 Stone Mining
27:38 Gold Shaft Mining
27:54 Gold Shaft Mining
30:15 Imperial Age
29:14 Chain Barding Armor
29:40 Stone Shaft Mining
30:18 Forging
31:57 Iron Casting
34:28 Plate Barding Armor
33:15 Heavy Camel Rider
34:49 Elite Skirmisher
35:35 Thumb Ring
35:21 Fletching
36:11 Padded Archer Armor
36:07 Bodkin Arrow
36:58 Light Cavalry
38:35 Bracer
38:51 Leather Archer Armor
39:32 Ballistics
40:55 Hussar
43:31 Chemistry
43:02 Ring Archer Armor
43:05 Conscription
43:24 Hoardings
43:13 Scale Mail Armor
43:17 Squires
42:38 Pikeman
43:23 Treadmill Crane
45:21 Chain Mail Armor
44:29 Halberdier
faensi
10:34 Feudal Age
14:12 Castle Age
12:55 Double-Bit Axe
15:24 Bow Saw
15:01 Horse Collar
18:46 Loom
19:14 Heavy Plow
20:30 Stone Mining
20:32 Gold Mining
21:45 Wheelbarrow
20:56 Town Watch
26:28 Imperial Age
24:28 Scale Barding Armor
24:34 Forging
24:42 Fletching
25:17 Padded Archer Armor
25:55 Bodkin Arrow
26:31 Hand Cart
26:05 Crossbowman
26:54 Thumb Ring
27:07 Leather Archer Armor
27:23 Ballistics
27:20 Leather Archer Armor
27:20 Thumb Ring
27:22 Arbalester
29:33 Chemistry
28:48 Bracer
30:29 Crop Rotation
32:29 Siege Engineers
31:47 Light Cavalry
32:29 Husbandry
34:47 Bloodlines
35:50 Town Patrol
35:51 Winged Hussar
37:01 Chain Barding Armor
36:52 Forging
37:55 Lechitic Legacy
39:28 Iron Casting
39:28 Cavalier
40:15 Szlachta Privileges
40:31 Conscription
40:30 Fortified Wall
40:01 Treadmill Crane
45:02 Blast Furnace
47:01 Caravan
Connection lost

Rejoining the realm…

Still unreachable

The connection could not be restored.

Session expired

The server has moved on; the page needs a fresh start.